 Dungeon Crawl Stone Soup version 0.30-a0-591-g3c58d2bc28 (webtiles) character file.

Game seed: 5115375327240792871

80980 Newt the Fighter (level 15, -23/115 HPs)
             Began as a Demonspawn Gladiator on Jan 5, 2023.
             Was an Initiate of Gozag.
             Annihilated by a naga
             ... wielding a +2 heavy battleaxe
              (39 damage)
             ... on level 1 of the Snake Pit.
             The game lasted 00:34:25 (25358 turns).

Newt the Fighter (Demonspawn Gladiator)            Turns: 25358, Time: 00:34:26

Health: -23/115    AC: 23    Str: 24    XL:     15   Next: 25%
Magic:  25/29      EV: 13    Int: 12    God:    Gozag
Gold:   3571       SH:  6    Dex: 18    Spells: 23/34 levels left

rFire   + . .      SeeInvis .    a - +3 lajatang (elec)
rCold   . . .      Faith    .    (shield currently unavailable)
rNeg    . . .      Spirit   .    X - +6 scale mail of the Blind Marksman {Rampage Str+4}
rPois   .          Reflect  .    H - +2 helmet
rElec   +          Harm     .    (no cloak)
rCorr   +          Rampage  +    Y - +1 pair of gloves
Will    +....      Clarity  +    G - +0 pair of boots
Stlth   ++                       K - amulet of regeneration
HPRegen 1.19/turn                h - ring of protection from fire
MPRegen 0.21/turn                S - ring "Wyntuul" {rCorr Int+2}

@: gold aura
A: large bone plates 2, ignite blood 2, spiny 2, weakness stinger 2, talons 1,
thin skeletal structure 1, clarity, sense surroundings 1, shaggy fur 1,
electricity resistance
a: Renounce Religion, Potion Petition, Call Merchant, Bribe Branch


You were on level 1 of the Snake Pit.
You worshipped Gozag.
Gozag was most pleased with you.
You visited 4 branches of the dungeon, and saw 21 of its levels.
You also visited: Sewer and Ice Cave.

You collected 7915 gold pieces.
You spent 2696 gold pieces at shops.
You paid 1648 gold pieces to Gozag.

Inventory:

Hand Weapons
 a - a +3 lajatang of electrocution (weapon)
 v - the +5 quarterstaff "Zuumozxy" {freeze, *Noise MP+9 Stlth+}
   (You bought it in a shop on level 4 of the Dungeon)

   MP:        It affects your magic capacity (+9).
   *Noise:    It may make noises in combat.
   Stlth:     It makes you more stealthy.
 F - the +7 quarterstaff of the Changing Whale {heavy, rElec rN+ Str-5}
   (You found it on level 12 of the Dungeon)

   Str:       It affects your strength (-5).
   rElec:     It insulates you from electricity.
   rN:        It protects you from negative energy.
Missiles
 e - a javelin
 w - 2 throwing nets
Armour
 s - a +2 ring mail of willpower
 G - a +0 pair of boots (worn)
 H - a +2 helmet (worn)
 W - the +4 swamp dragon scales of Resonance {rPois rN+}
   (You found it on level 1 of the Lair of Beasts)

   rPois:     It protects you from poison.
   rN:        It protects you from negative energy.
 X - the +6 scale mail of the Blind Marksman (worn) {Rampage Str+4}
   (You bought it in a shop on level 2 of the Lair of Beasts)

   Str:       It affects your strength (+4).
   Rampage:   It bestows one free step when moving towards enemies.
 Y - a +1 pair of gloves (worn)
Jewellery
 d - a +6 ring of dexterity
 h - a ring of protection from fire (left hand)
 m - a ring of resist corrosion
 K - an amulet of regeneration (around neck)
 L - a ring of protection from cold
 S - the ring "Wyntuul" (right hand) {rCorr Int+2}
   (You found it on level 9 of the Dungeon)

   [ring of resist corrosion]

   Int:       It affects your intelligence (+2).
   rCorr:     It protects you from acid and corrosion.
 T - a +6 ring of strength
 V - an amulet of the acrobat
Wands
 r - a wand of quicksilver (8)
 E - a wand of charming (16)
 I - a wand of flame (19)
 M - a wand of polymorph (5)
Scrolls
 c - 4 scrolls of identify
 j - 2 scrolls of enchant armour
 n - 7 scrolls of amnesia
 o - 9 scrolls of fear
 z - 14 scrolls of teleportation
 A - a scroll of butterflies
 O - 2 scrolls of magic mapping
 P - 2 scrolls of blinking
Potions
 b - 2 potions of mutation
 f - 8 potions of curing
 g - 3 potions of resistance
 k - a potion of berserk rage
 p - 2 potions of lignification
 q - 2 potions of brilliance
 t - 5 potions of heal wounds
 u - 3 potions of ambrosia
 x - 3 potions of flight
 B - 4 potions of might
 C - a potion of magic
 J - 7 potions of haste
 R - a potion of cancellation
Miscellaneous
 N - a condenser vane
 Z - a lightning rod (4/4)


   Skills:
 - Level 10.0 Fighting
 - Level 2.6 Short Blades
 - Level 4.0(7.5) Maces & Flails
 - Level 10.0(10.3) Staves
 - Level 1.7 Throwing
 - Level 10.0 Armour
 - Level 6.0 Dodging
 - Level 2.0 Stealth
 - Level 10.0 Spellcasting
 + Level 9.3 Hexes
 + Level 9.1 Ice Magic
 - Level 10.0 Evocations


You had 23 spell levels left.
You knew the following spells:

 Your Spells              Type           Power      Damage    Failure   Level
a - Ozocubu's Armour      Ice            28%        N/A       1%          3
b - Metabolic Englaciati  Hex/Ice        14%        N/A       16%         5
c - Dazzling Flash        Conj/Hex       34%        N/A       11%         3

Your spell library contained the following spells:

 Spells                   Type           Power      Damage    Failure   Level
 Blink                    Tloc           12%        N/A       36%         2
 Cigotuvi's Dreadful Rot  Necr/Pois/Air  12%        N/A       36%         2
 Poisonous Vapours        Pois/Air       12%        N/A       36%         2
 Mephitic Cloud           Conj/Pois/Air  6%         N/A       58%         3
 Silence                  Hex/Air        8%         N/A       69%         5
 Manifold Assault         Tloc           6%         N/A       94%         4
 Ozocubu's Refrigeration  Ice            14%        4d10      99%         7
 Agony                    Necr           6%         N/A       100%        5
 Storm Form               Tmut/Air       3%         N/A       100%        7
 Simulacrum               Ice/Necr       Unusable   N/A       N/A         6

Dungeon Overview and Level Annotations

Branches:
Dungeon (12/15)            Temple (0/1) D:5            Lair (5/5) D:9
  Swamp (0/4) Lair:2        Snake (2/4) Lair:2        Slime (0/5) Lair:5
    Orc (2/2) D:12            Elf (0/3) Orc:2         Sewer (visited)
  IceCv (visited)

Altars:
Cheibriados
Gozag
Hepliaklqana
Kikubaaqudgha
Ru
Sif Muna
Trog
Uskayaw
Xom

Shops:
D:4 *   D:7 *   D:9 (   D:11 :   Orc:2 [(!(!   Lair:2 [

Annotations:
D:3 1 runed translucent door
Snake:2 Vashnia


Innate Abilities, Weirdness & Mutations

You are mostly covered in large bone plates. (SH +6)
Your demonic aura often causes spilled blood to erupt in flames.
You are mostly covered in sharp spines.
You have a tail ending in a sharp stinger.
You have sharp toenails.
You have a somewhat thin skeletal structure. (Dex +2, Stealth+)
You possess an exceptional clarity of mind.
You passively map a small area around you.
You are covered in fur. (AC +1)
You are resistant to electric shocks. (rElec)


Message History

The naga hits you with a +2 heavy battleaxe!!!
The guardian serpent is engulfed in blazing flames.
The guardian serpent hits you but does no damage.
You block the salamander's attack.
You slash the guardian serpent!
The guardian serpent is severely wounded.
The naga is no longer moving slowly. x2
The guardian serpent is engulfed in blazing flames.
The guardian serpent hits you! You block the salamander's attack.
The naga warrior hits you from afar with a +0 trident.
The salamander closely misses you.
You slice the guardian serpent!!
You kill the guardian serpent!
The naga warrior is no longer moving slowly.
The naga spits poison at you. The splash of poison misses you.
The salamander hits you but does no damage.
You open the salamander like a pillowcase!!!
The salamander is severely wounded.
The naga warrior hits you from afar with a +0 trident.
The naga hits you with a +2 heavy battleaxe!
* * * LOW HITPOINT WARNING * * *
The naga is distracted by your dazzling golden aura.
The salamander hits you but does no damage.
The salamander is struck by your spines.
The salamander hits you with a +0 spear.
* * * LOW HITPOINT WARNING * * *
You are engulfed in flames.
You resist.
* * * LOW HITPOINT WARNING * * *
The naga shouts!
Unknown command.
The salamander is no longer moving slowly.
The naga warrior barely misses you.
The salamander hits you with a +0 spear.
* * * LOW HITPOINT WARNING * * *
You are engulfed in flames.
You resist.
* * * LOW HITPOINT WARNING * * *
The naga hits you with a +2 heavy battleaxe!!!
You die...
Your body crumbles into a pile of gold.

###)..##
#...........(...........
.....##
#....#..................
###..#
#....##.................
# #.##
##...##..)..............
# ##.
*#...#...###............
# .# [.......#
##.....>..... ######
########## ##...##......
..... ,
.....NNN####....###.....
..... ,,
.....N°@#.#.............
#..## *
..##.N###...............
*,.# #..
*#............... # , ##
#.....###....... * ,
#.....###......# * * *
#......#........ * ,
#...............
#............... , * $ ,
#.....).).......


You could see a naga warrior, 2 salamanders and 2 nagas.

Vanquished Creatures
  Jorgrun (Orc:1)
  Gastronok (D:8)
  A frost giant (IceCv)
  3 orc warlords
  Snorg (Lair:5)
  A fire dragon (Lair:5)
  Josephine (D:10)
  4 hydras
  Erolcha (Orc:1)
  A catoblepas (D:12)
  2 two-headed ogres
  2 boulder beetles
  2 anacondas
  4 naga warriors (Snake:1)
  8 death yaks
  An orc high priest (Orc:1)
  A shock serpent (Snake:1)
  5 naga sharpshooters
  Nergalle (Orc:1)
  A lindwurm (Lair:5)
  An orc knight (Orc:2)
  4 orc sorcerers (Orc:2)
  2 ugly things
  A salamander (Snake:1)
  4 cyclopes
  An ice statue (IceCv)
  10 elephants
  12 black mambas
  A guardian serpent (Snake:1)
  13 cane toads
  2 naga magi (Snake:1)
  2 molten gargoyles (Lair:5)
  13 komodo dragons
  A kobold demonologist (D:10)
  10 rime drakes (IceCv)
  A tengu conjurer (D:11)
  6 trolls
  5 polar bears
  3 blink frogs (Lair:2)
  Grinder (D:3)
  6 wraiths
  6 wyverns
  45 yaks
  9 basilisks
  7 steam dragons
  5 wargs
  7 nagas
  21 water moccasins
  3 swamp worms (Lair:1)
  5 hell hounds (Lair:5)
  36 orc warriors
  16 wolves
  3 black bears (D:9)
  8 ogres
  3 centaurs
  2 phantoms
  8 bullfrogs
  3 necrophages (D:5)
  A two-headed ogre simulacrum (Orc:2)
  A gnoll sergeant (D:9)
  3 scorpions
  A water moccasin zombie (D:5)
  2 cane toad simulacra (Orc:2)
  25 wights
  18 killer bees
  2 elephant simulacra (Orc:2)
  The ghost of DeadOnArrival the Poker, a weakling DsGl (D:3)
  5 electric eels
  9 howler monkeys
  5 lava snakes (Lair:5)
  A human zombie (D:5)
  A bullfrog zombie (D:5)
  7 hounds
  2 centaur zombies (D:5)
  27 orc priests
  4 jellies
  Ijyb (D:3)
  5 iguanas
  26 orc wizards
  7 hell rats (Lair:4)
  A spriggan simulacrum (Orc:2)
  A troll simulacrum (Orc:2)
  A wolf simulacrum (Orc:2)
  A hound zombie (D:5)
  A mummy (D:5)
  13 gnolls
  6 adders
  2 river rats
  2 white imps (D:6)
  2 ufetubi
  An adder zombie (D:5)
  3 worms
  2 dart slugs
  97 orcs
  8 bats
  8 endoplasms
  4 giant cockroaches
  6 hobgoblins
  2 jackals (D:3)
  11 kobolds
  5 quokkas
  10 ball pythons
  6 frilled lizards
  6 goblins
  17 rats
698 creatures vanquished.

Vanquished Creatures (others)
  An orc wizard (Orc:2)
  A quokka (D:7)
  60 fungi
  106 plants
168 creatures vanquished.

Grand Total: 866 creatures vanquished

Notes
Turn   | Place    | Note
-------+----------+-------------------------------------------
     0 | D:1      | Newt the Demonspawn Gladiator began the quest for the Orb.
     0 | D:1      | Reached XP level 1. HP: 16/16 MP: 1/1
   101 | D:1      | Reached skill level 1 in Stealth
   183 | D:1      | Gained mutation: You have a small tail. [demonic ancestry]
   183 | D:1      | Reached XP level 2. HP: 22/22 MP: 2/2
   709 | D:2      | Reached XP level 3. HP: 22/28 MP: 3/3
  1077 | D:2      | Gained mutation: You are partially covered in large bone
                  | plates. (SH +4) [demonic ancestry]
  1077 | D:2      | Reached XP level 4. HP: 29/37 MP: 4/4
  1544 | D:2      | You fall into a shaft and drop 1 floor!
  1545 | D:3      | Noticed Ijyb
  1557 | D:3      | Killed Ijyb
  1558 | D:3      | Reached skill level 1 in Maces & Flails
  2259 | D:3      | Noticed Grinder
  2291 | D:3      | Killed Grinder
  2292 | D:3      | Reached XP level 5. HP: 16/42 MP: 5/5
  2292 | D:3      | Gained mutation: You are mostly covered in large bone
                  | plates. (SH +6) [demonic ancestry]
  2292 | D:3      | Reached XP level 6. HP: 18/48 MP: 6/6
  2902 | D:3      | Found a runed translucent door.
  2907 | D:3      | Noticed DeadOnArrival's ghost (weakling DsGl)
  2957 | D:3      | Found a runed translucent door.
  3174 | D:4      | Found an opulent altar of Gozag.
  3232 | D:4      | Found Woat Foth's Assorted Antiques.
  3328 | D:4      | Became a worshipper of Gozag Ym Sagoz the Greedy
  3447 | D:4      | Gained mutation: Your demonic aura sometimes causes spilled
                  | blood to erupt in flames. [demonic ancestry]
  3447 | D:4      | Reached XP level 7. HP: 51/54 MP: 7/7
  3719 | D:4      | Reached skill level 1 in Evocations
  4556 | D:5      | Entered Level 5 of the Dungeon
  4626 | D:4      | Bought a slimy quarterstaff for 225 gold pieces
  4626 | D:4      | Identified the +5 quarterstaff "Zuumozxy" {freeze, *Noise
                  | MP+9 Stlth+} (You bought it in a shop on level 4 of the
                  | Dungeon)
  4792 | D:5      | Found a staircase to the Ecumenical Temple.
  4811 | D:5      | Reached skill level 5 in Fighting
  4811 | D:5      | Reached skill level 1 in Staves
  4824 | D:5      | Found a shimmering altar of Xom.
  4827 | D:5      | Found a hazy altar of Hepliaklqana.
  5008 | D:5      | Found a glowing drain.
  5017 | Sewer    | Entered a sewer
  5055 | Sewer    | Reached XP level 8. HP: 62/62 MP: 8/8
  5290 | Sewer    | Found a viscous altar of Jiyva.
  5651 | D:5      | Reached skill level 5 in Staves
  5658 | D:5      | Found an ancient bone altar of Kikubaaqudgha.
  5919 | D:3      | Killed DeadOnArrival's ghost
  6122 | D:6      | Gained mutation: You have a tail ending in a sharp stinger.
                  | [demonic ancestry]
  6122 | D:6      | Reached XP level 9. HP: 25/68 MP: 9/9
  6543 | D:6      | Reached skill level 5 in Evocations
  7313 | D:7      | Reached skill level 5 in Armour
  7393 | D:7      | Found a hide-covered altar of Uskayaw.
  7519 | D:7      | Found Pulor's Assorted Antiques.
  7529 | D:7      | Bought a scroll of identify for 52 gold pieces
  7529 | D:7      | Bought a lumpy peridot amulet for 130 gold pieces
  7529 | D:7      | Bought a scroll of identify for 52 gold pieces
  7536 | D:7      | Bought an orange potion for 23 gold pieces
  7536 | D:7      | Bought a small diamond ring for 130 gold pieces
  7897 | D:7      | Identified the +0 scale mail "Sokhlug" {rElec rC+ Str+4
                  | Stlth-}
  8220 | D:8      | Gained mutation: You are partially covered in sharp spines.
                  | [demonic ancestry]
  8220 | D:8      | Reached XP level 10. HP: 35/72 MP: 10/10
  8558 | D:8      | Noticed Gastronok
  8578 | D:8      | Killed Gastronok
  9331 | D:9      | Noticed a two-headed ogre
  9339 | D:9      | Killed a two-headed ogre
  9340 | D:9      | Reached skill level 5 in Dodging
  9418 | D:9      | Found Hext's Antique Weapon Emporium.
  9655 | D:9      | Reached XP level 11. HP: 83/89 MP: 11/11
  9703 | D:9      | Identified the ring "Wyntuul" {rCorr Int+2}
  9798 | D:9      | Found a staircase to the Lair.
 10226 | Lair:1   | Entered Level 1 of the Lair of Beasts
 10259 | Lair:1   | Reached skill level 10 in Fighting
 11386 | Lair:1   | Identified the +4 swamp dragon scales of Resonance {rPois
                  | rN+}
 12040 | Lair:2   | Bought an amber-encrusted scale mail for 288 gold pieces
 12040 | Lair:2   | Identified the +6 scale mail of the Blind Marksman {Rampage
                  | Str+4} (You bought it in a shop on level 2 of the Lair of
                  | Beasts)
 12083 | Lair:2   | Found a staircase to the Swamp.
 12629 | Lair:2   | Found a staircase to the Snake Pit.
 13114 | Lair:2   | Noticed a five-headed hydra
 13123 | Lair:2   | Killed a five-headed hydra
 13124 | Lair:2   | Gained mutation: Your demonic aura often causes spilled
                  | blood to erupt in flames. [demonic ancestry]
 13124 | Lair:2   | Reached XP level 12. HP: 92/97 MP: 12/12
 14171 | Lair:4   | Noticed a boulder beetle
 14190 | Lair:4   | Killed a boulder beetle
 14285 | Lair:4   | Noticed an eight-headed hydra
 14304 | Lair:4   | Killed an eight-headed hydra
 14305 | Lair:4   | Reached skill level 10 in Evocations
 14660 | Lair:4   | Identified the +4 long sword of the Maze {freeze, *Slow rF+
                  | Str+2}
 14765 | Lair:4   | Noticed a death yak
 14765 | Lair:4   | Noticed a death yak
 14765 | Lair:4   | Noticed a death yak
 14778 | Lair:4   | Killed a death yak
 14782 | Lair:4   | Killed a death yak
 14784 | Lair:4   | Killed a death yak
 14979 | Lair:4   | Reached skill level 10 in Armour
 15350 | Lair:5   | Entered Level 5 of the Lair of Beasts
 15359 | Lair:5   | Reached skill level 10 in Staves
 15424 | Lair:5   | Reached skill level 1 in Spellcasting
 15434 | Lair:5   | Noticed a death yak
 15439 | Lair:5   | Noticed a death yak
 15441 | Lair:5   | Noticed a death yak
 15448 | Lair:4   | Killed a death yak
 15452 | Lair:4   | HP: 4/97 [komodo dragon (18)]
 15636 | Lair:5   | Killed a death yak
 15637 | Lair:5   | Reached XP level 13. HP: 93/103 MP: 18/18
 15756 | Lair:5   | Reached skill level 5 in Spellcasting
 15807 | Lair:5   | Reached skill level 1 in Ice Magic
 15822 | Lair:5   | Learned a level 3 spell: Ozocubu's Armour
 16491 | Lair:5   | Found a large runed translucent door.
 16491 | Lair:5   | Found a large runed translucent door.
 16512 | Lair:5   | Noticed Snorg
 16520 | Lair:5   | Reached skill level 5 in Ice Magic
 16534 | Lair:5   | Killed Snorg
 16847 | Lair:5   | Found a staircase to the Slime Pits.
 16955 | Lair:5   | Noticed a fire dragon
 17013 | Lair:5   | Killed a fire dragon
 17272 | D:10     | Entered Level 10 of the Dungeon
 17317 | D:10     | Found a bloodstained altar of Trog.
 17321 | D:10     | Noticed Josephine
 17341 | D:10     | Killed Josephine
 17504 | D:10     | Found a sacrificial altar of Ru.
 17506 | D:10     | Found a shimmering blue altar of Sif Muna.
 17641 | D:10     | Reached skill level 1 in Hexes
 17727 | D:10     | Found a snail-covered altar of Cheibriados.
 18325 | D:11     | Found Piusaqis's Book Shoppe.
 18511 | D:11     | Gained mutation: You are mostly covered in sharp spines.
                  | [demonic ancestry]
 18511 | D:11     | Reached XP level 14. HP: 102/110 MP: 23/23
 19163 | D:12     | Found a staircase to the Orcish Mines.
 19218 | D:12     | Identified the +7 quarterstaff of the Changing Whale
                  | {heavy, rElec rN+ Str-5}
 19266 | D:12     | Reached skill level 5 in Hexes
 19796 | Orc:1    | Entered Level 1 of the Orcish Mines
 19798 | Orc:1    | Noticed Erolcha
 19810 | Orc:1    | Killed Erolcha
 19907 | Orc:1    | Noticed Jorgrun
 19927 | Orc:1    | Killed Jorgrun
 20045 | Orc:1    | Learned a level 5 spell: Metabolic Englaciation
 20069 | Orc:1    | Noticed an orc warlord
 20072 | Orc:1    | Noticed Nergalle
 20092 | Orc:1    | Killed Nergalle
 20372 | D:12     | Killed an orc warlord
 21349 | Orc:2    | Entered Level 2 of the Orcish Mines
 21358 | Orc:2    | Noticed an orc warlord
 21831 | Orc:2    | Killed an orc warlord
 21892 | Orc:2    | Found a frozen archway.
 21923 | IceCv    | Entered an ice cave
 22299 | IceCv    | Noticed a frost giant
 22311 | IceCv    | Reached skill level 10 in Spellcasting
 22333 | IceCv    | Killed a frost giant
 22716 | Orc:2    | Found a staircase to the Elven Halls.
 22766 | Orc:2    | Paralysed by an orc sorcerer for 2 turns
 23068 | Orc:2    | Noticed an orc warlord
 23091 | Orc:2    | Killed an orc warlord
 23172 | Orc:2    | Found Numiniog's Antique Armour Emporium.
 23282 | Orc:2    | Found Qynn's Distillery.
 23469 | Orc:2    | Bought a potion of resistance for 110 gold pieces
 23469 | Orc:2    | Bought 2 potions of haste for 220 gold pieces
 23469 | Orc:2    | Bought a potion of mutation for 88 gold pieces
 23469 | Orc:2    | Bought a potion of heal wounds for 55 gold pieces
 23469 | Orc:2    | Bought a potion of might for 44 gold pieces
 23469 | Orc:2    | Bought a potion of haste for 110 gold pieces
 23469 | Orc:2    | Bought a potion of mutation for 88 gold pieces
 23469 | Orc:2    | Bought a potion of might for 44 gold pieces
 23546 | Orc:2    | Found Bonn's Distillery.
 23554 | Orc:2    | Bought a potion of heal wounds for 80 gold pieces
 23760 | Orc:2    | Found Qichaj's Antique Weapon Shoppe.
 23768 | Orc:2    | Bought a pair of glowing gloves for 165 gold pieces
 23768 | Orc:2    | Bought a fine ring mail for 198 gold pieces
 23768 | Orc:2    | Identified the +1 ring mail "Peexiney" {rElec rPois MP+9
                  | Slay-4} (You bought it in a shop on level 2 of the Orcish
                  | Mines)
 23859 | Orc:2    | Gained mutation: You passively map a small area around you.
                  | [potion of mutation]
 23859 | Orc:2    | Gained mutation: You are resistant to electric shocks.
                  | (rElec) [potion of mutation]
 23859 | Orc:2    | Gained mutation: You are vulnerable to heat. (rF-) [potion
                  | of mutation]
 23859 | Orc:2    | Gained mutation: You have an increased reservoir of magic.
                  | (+10% MP) [potion of mutation]
 23860 | Orc:2    | Lost mutation: You have an increased reservoir of magic.
                  | (+10% MP) [potion of mutation]
 23860 | Orc:2    | Lost mutation: You are vulnerable to heat. (rF-) [potion of
                  | mutation]
 23860 | Orc:2    | Gained mutation: You have a somewhat thin skeletal
                  | structure. (Dex +2, Stealth+) [potion of mutation]
 23860 | Orc:2    | Gained mutation: You are covered in fur. (AC +1) [potion of
                  | mutation]
 23860 | Orc:2    | Gained mutation: You possess an exceptional clarity of
                  | mind. [potion of mutation]
 23860 | Orc:2    | Gained mutation: You have sharp toenails. [potion of
                  | mutation]
 23862 | Orc:2    | Bought a +2 lajatang of electrocution for 594 gold pieces
 24029 | Snake:1  | Entered Level 1 of the Snake Pit
 24046 | Snake:1  | Reached XP level 15. HP: 22/115 MP: 26/29
 24785 | Snake:1  | Identified the +6 war axe of the Ageless Shrikes {elec,
                  | rPois rN+ Will+ Int+3}
 25251 | Snake:1  | You fall into a shaft and drop 1 floor!
 25269 | Snake:2  | Learned a level 3 spell: Dazzling Flash
 25287 | Snake:2  | Noticed Vashnia
 25358 | Snake:1  | Annihilated by a naga

Illustrated notes

Levels and vault maps discovered:
D:1:      eino_arrival_cavern_e, layout_basic, kennysheep_crisscross,
          chequers_serial_rivers_room_a
D:2:      layout_loops_ring, st_stairs_12
D:3:      layout_basic, ebering_ghost_sewer_f, uniq_grinder, uniq_ijyb
D:4:      layout_gridville, lemuel_doored_altar, serial_shops,
          kennysheep_mini_moat
D:5:      layout_basic, lemuel_mausoleum_altar_kikubaaqudgha,
          chequers_temple_overflow_statue_of_worship,
          minmay_temple_entry_butterflies, cheibrodos_sewer_entry_sluice,
          amethyst_killhole
D:6:      corexii_shack_village, layout_cave_pools, minmay_puff
D:7:      layout_gridville, nicolae_uskayaw_murder_on_the_dancefloor,
          elyvilon_altar_4, serial_shops, shop_statue, hangedman_decor_points,
          dreamdust_mushroom_princess, item_on_display_a
D:8:      layout_loops_cross, minmay_starry_boxes, uniq_gastronok
D:9:      layout_loops_ring, due_lair_maze_entry_diamond, serial_shops,
          nicolae_lakefront_shop, kennysheep_small_square
D:10:     layout_rooms, kennysheep_slug_shrine, bloody_trog,
          nicolae_overflow_squiral, uniq_josephine
D:11:     minmay_cornered_nines, layout_basic, serial_shops, shop,
          hangedman_abyss_or_decor_clamps
D:12:     layout_irregular_city, erik_orc_4
Lair:1:   layout_gridlike, worms_lemuel, lemuel_fruit_fields
Lair:2:   layout_cave_pods, minmay_swamp_entry_eels,
          guppyfry_snake_entry_garden, serial_bayou_shore_b, grunt_megastairs_5
Lair:3:   layout_cave_pods
Lair:4:   layout_cellular_growth, nicolae_lair_grove_arrangements
Lair:5:   cheibrodos_lair_end_hotspot, layout_gridlike, slime_entry_1,
          serial_bayou_lagoon_a, minivault_19, uniq_snorg
Snake:1:  layout_cave_shapes, basic_altar, hangedman_snake_sidewinding
Snake:2:  layout_grid_shapes, st_stairs_4, uniq_vashnia
Orc:1:    layout_caves, bh_open_orc_temple, uniq_erolcha, uniq_jorgrun,
          uniq_nergalle
Orc:2:    grunt_orc_community_town_hall, layout_diamond_mine,
          grunt_orc_community_big_house_1, grunt_orc_community_big_house_1,
          grunt_orc_community_house_3, grunt_orc_community_house_1,
          grunt_orc_community_house_3, grunt_orc_community_house_3,
          grunt_orc_community_house_3, grunt_orc_community_house_2,
          portal_ice_cave_entry_ice_simulacra

Skill      XL: |  1  2  3  4  5  6  7  8  9 10 11 12 13 14 15 |
---------------+----------------------------------------------+-----
Stealth        | 1 2 |  2.0
Fighting       | 3 4 5 6 9 10 | 10.0
Maces & Flails | 4 |  4.0
Armour         | 3 4 6 8 10 | 10.0
Evocations     | 3 4 6 7 10 | 10.0
Staves         | 1 5 6 7 9 10 | 10.0
Dodging        | 4 6 |  6.0
Spellcasting   | 3 6 10 | 10.0
Ice Magic      | 8 9 |  9.1
Hexes          | 3 8 9 |  9.3
Short Blades   | |  2.6
Throwing       | |  1.7

Action                   |  1- 3 |  4- 6 |  7- 9 | 10-12 | 13-15 || total
-------------------------+-------+-------+-------+-------+-------++-------
Melee: Rapier            |    29 |       |       |       |       ||    29
       Whip              |    41 |   133 |    58 |       |       ||   232
       Tailslap          |     9 |    17 |    52 |   105 |   189 ||   372
       Punch             |       |     2 |       |       |       ||     2
       Quarterstaff      |       |       |   347 |   535 |   829 ||  1711
       Lajatang          |       |       |       |       |    87 ||    87
Throw: Throwing net      |       |     4 |       |       |     1 ||     5
 Cast: Ozocubu's Armour  |       |       |       |       |     5 ||     5
       Metabolic Englaci |       |       |       |       |     5 ||     5
Invok: Call Merchant     |       |       |       |     1 |     1 ||     2
       Potion Petition   |       |       |       |       |     1 ||     1
Evoke: Lightning rod     |       |       |       |       |     2 ||     2
       Wand              |       |       |       |       |     5 ||     5
  Use: Scroll            |     2 |     7 |     6 |     9 |    10 ||    34
       Potion            |     1 |       |       |     3 |    12 ||    16
 Stab: Sleeping          |     2 |     2 |    13 |     4 |     2 ||    23
       Held in net/web   |       |     2 |       |       |       ||     2
       Distracted        |       |       |     1 |     1 |    14 ||    16
       Fleeing           |       |       |       |     1 |       ||     1
       Invisible         |       |       |       |       |     3 ||     3
Armor: Leather armour    |    15 |     8 |       |       |       ||    23
       Ring mail         |       |    25 |   142 |    69 |       ||   236
       Swamp dragon scal |       |       |       |    11 |       ||    11
       Scale mail        |       |       |       |    75 |   273 ||   348
Dodge: Dodged            |    44 |    77 |   195 |   215 |   366 ||   897
Block: Other             |       |    28 |   118 |   114 |   193 ||   453

Table legend: (Time is in decaauts)
 A = Elapsed time spent in this place.
 B = Non-inter-level travel time spent in this place.
 C = Inter-level travel time spent in this place.
 D = Time resting spent in this place.
 E = Time spent auto-exploring this place.
 F = Levels seen in this place.
 G = Mean time per level.
                   A        B        C        D        E       F      G
               +--------+--------+--------+--------+--------+-----+--------+
         Total |  25220 |  24170 |   1050 |   5931 |  13839 |  23 | 1096.5 |
       Dungeon |  12997 |  12382 |    615 |   2094 |   8061 |  12 | 1083.1 |
          Lair |   6999 |   6624 |    375 |   1857 |   3695 |   5 | 1399.8 |
     Snake Pit |   1323 |   1323 |      0 |    862 |    308 |   2 |  661.5 |
  Orcish Mines |   2821 |   2762 |     59 |    855 |   1309 |   2 | 1410.5 |
         Sewer |    335 |    335 |      0 |      0 |    190 |   1 |  335.0 |
      Ice Cave |    742 |    742 |      0 |    263 |    275 |   1 |  742.0 |
               +--------+--------+--------+--------+--------+-----+--------+

Top non-repeatable levels by time:
  Lair:1: 1634 daAuts
     D:3: 1622 daAuts
  Lair:5: 1620 daAuts
     D:4: 1565 daAuts
  Lair:2: 1528 daAuts
   Orc:1: 1506 daAuts
  Lair:4: 1476 daAuts
   Orc:2: 1314 daAuts
    D:12: 1240 daAuts
 Snake:1: 1230 daAuts
    D:11: 1167 daAuts
     D:8: 1147 daAuts
     D:7: 1118 daAuts
     D:6: 1092 daAuts
     D:5: 969 daAuts
